Griffins vs Harfangs (R1)

Created - April 23, 2019 at 19:14

Goals
1 2 3 T
Griffins 1 2 2 5
Harfangs 1 0 0 1
Shots
1 2 3 T
Griffins 11 5 6 22
Harfangs 18 9 13 40

1st period

1. Harfangs , Oscar Sundqvist 16 (Tomas Kubalik 34, Victor Bartley 29) at 8:12
2. Griffins , Nathan Gerbe 39 (Ben Hanowski 35) at 11:00

Penalties :
Steve McCarthy (BEA) for Roughing (Minor) at 3:01, Nathan Gerbe (Cap) for Hooking (Minor) at 8:52, Tomas Kubalik (BEA) for Hooking (Minor) at 11:30

2nd period

3. Griffins , Nathan Gerbe 40 (Simon Despres 27, Marko Dano 55) at 0:51 (PP)
4. Griffins , Connor Brown 33 (Simon Despres 28, Bryan Young 28) at 2:39

Penalties :
Jeff Petry (BEA) for High sticking (Minor) at 0:26, Nathan Gerbe (Cap) for Hooking (Minor) at 4:37, Dylan Olsen (BEA) for Cross-checking (Minor) at 6:49, Anton Slepyshev (Cap) for Interference (Minor) at 11:10, J.T. Brown (Cap) for Holding (Minor) at 17:36, Oscar Sundqvist (BEA) for Hooking (Minor) at 18:24

3rd period

5. Griffins , Petr Pohl 43 (Nathan Gerbe 44, Marko Dano 56) at 1:27 (PP)
6. Griffins , Nathan Gerbe 41 (Jamie Arniel 31) at 11:32 (PP)

Penalties :
Dylan Olsen (BEA) for Tripping (Minor) at 1:13, Andreas Martinsen (BEA) for High sticking (Double Minor) at 8:49, Oscar Sundqvist (BEA) for Holding (Minor) at 14:43, Keith Seabrook (Cap) for Holding (Minor) at 19:46

Goalie Stats

Olivier Roy (Cap), 39 saves from 40 shots - (0.975), W, 15-15-2, 60:00 minutes
Anton Forsberg (BEA), 3 saves from 4 shots - (0.750), 18:33 minutes
Mark Visentin (BEA), 14 saves from 18 shots - (0.778), L, 4-8-1, 41:27 minutes

Players Stats for Griffins

Player Name              G  A  P  +/- PIM S  H  SB GA TA FO     MP     PP MP  PK MP  
------------------------------------------------------------------------------------
Anton Slepyshev          0  0  0   0  2   1  1  1  0  0  1/1    10:06   0:07   0:00 
Ben Hanowski             0  1  1   1  0   2  1  1  0  1  0/0    13:53   0:03   3:42 
Bryan Young              0  1  1   1  0   1  0  1  0  1  0/0    20:55   0:11   4:18 
Connor Brown             1  0  1   0  0   1  2  0  0  1  0/0    17:21   5:01   0:00 
J.T. Brown               0  0  0   0  2   0  0  0  0  0  1/1     8:17   0:14   1:28 
Jamie Arniel             0  1  1   1  0   1  3  0  0  2  11/16  21:13   5:01   3:43 
Keith Seabrook           0  0  0   0  2   0  0  0  0  1  0/0    17:43   4:51   0:00 
Mark Jankowski           0  0  0   0  0   0  1  0  0  0  2/2     6:32   0:00   0:15 
Marko Dano               0  2  2   0  0   0  3  1  0  0  11/24  19:07   6:58   0:00 
Mirco Mueller            0  0  0   0  0   0  2  1  0  0  0/0    10:49   0:00   0:00 
Nathan Gerbe             3  1  4   1  4   6  1  0  1  0  2/2    18:32   6:58   0:00 
Petr Pohl                1  0  1   0  0   3  2  0  0  0  0/2    20:59   6:58   1:50 
Petter Granberg          0  0  0   0  0   1  0  1  0  0  0/0    21:50   7:15   2:40 
Quinton Howden           0  0  0   0  0   1  0  0  1  0  0/8     9:41   0:00   0:00 
Robert Dome              0  0  0   0  0   0  0  0  0  0  0/1     6:32   0:00   0:15 
Simon Despres            0  2  2   2  0   1  3  1  1  1  0/0    26:32   7:04   2:40 
Ty Wishart               0  0  0  -1  0   2  1  2  0  2  0/0    22:10   4:51   4:18 
Tye McGinn               0  0  0   0  0   2  0  1  0  0  0/1    19:34   4:58   2:43 

Players Stats for Harfangs

Player Name              G  A  P  +/- PIM S  H  SB GA TA FO     MP     PP MP  PK MP  
------------------------------------------------------------------------------------
Andreas Martinsen        0  0  0   0  4   0  0  0  0  0  0/0     7:19   0:00   0:43 
Blake Heinrich           0  0  0   0  0   0  0  0  0  0  0/0     0:00   0:00   0:00 
Brendan Leipsic          0  0  0   0  0   0  0  0  0  0  0/0     2:25   0:00   2:25 
Brenden Kichton          0  0  0   0  0   0  0  0  0  0  0/0     4:20   0:00   0:00 
Brock Nelson             0  0  0   0  0   2  0  1  3  1  1/2    23:07   3:38   6:52 
Calle Jarnkrok           0  0  0   0  0   2  0  0  0  0  16/27  15:00   3:38   0:00 
Colton Sissons           0  0  0   0  0   0  0  0  0  0  2/5     9:02   0:00   0:00 
Cristoval Nieves         0  0  0   0  0   1  0  0  0  0  3/6     6:37   0:00   0:00 
Dustin Jeffrey           0  0  0   0  0   5  0  0  0  0  0/0     9:02   0:00   0:00 
Dylan Olsen              0  0  0  -2  4   0  1  0  0  1  0/0    18:50   3:00   3:58 
Erik Nystrom             0  0  0  -1  0   0  0  0  0  0  0/0     0:39   0:16   0:00 
Garnet Hathaway          0  0  0   0  0   5  1  1  0  0  0/0    13:28   0:05   3:48 
Jake Dotchin             0  0  0   0  0   0  0  0  0  0  0/0     4:20   0:00   0:00 
Jeff Petry               0  0  0  -2  2   0  0  1  0  0  0/0    19:56   3:00   5:08 
Jimmy Hayes              0  0  0  -1  0   3  5  0  2  0  7/14   23:10   3:43   6:48 
Laurent Dauphin          0  0  0   0  0   0  0  0  0  0  0/0     0:00   0:00   0:00 
Mark Alt                 0  0  0   0  0   0  1  0  0  0  0/0     8:18   0:00   0:31 
Michael Bournival        0  0  0   0  0   8  2  0  1  0  0/0    15:21   3:07   0:16 
Morgan Klimchuk          0  0  0  -1  0   0  0  0  0  0  0/0     0:34   0:13   0:00 
Oscar Sundqvist          1  0  1   0  4   3  1  0  0  0  0/3    15:50   3:06   0:22 
Reid McNeill             0  0  0   0  0   0  0  0  0  0  0/0     9:35   0:00   2:01 
Ryan Hartman             0  0  0   0  0   1  0  0  0  0  0/0     6:37   0:00   0:00 
Steve McCarthy           0  0  0   1  2   4  3  5  1  0  0/0    26:33   3:58   5:36 
Tomas Kubalik            0  1  1   0  2   5  5  0  2  0  1/1    18:23   3:07   2:58 
Victor Bartley           0  1  1   1  0   1  2  2  0  1  0/0    28:09   3:58   6:58 

3 Stars

1 - Nathan Gerbe (Cap)
2 - Olivier Roy (Cap)
3 - Simon Despres (Cap)

Power Play

Griffins - 3 on 9 Attempt(s) - 33.33%
Harfangs - 0 on 5 Attempt(s) - 0.00%

Penalty Kill

Griffins - 5 on 5 Attempt(s) - 100.00% - Score 0 goal in Penalty Kill
Harfangs - 6 on 9 Attempt(s) - 66.67% - Score 0 goal in Penalty Kill

Team Stat

Griffins - Hits : 20 - Faceoff Wins : 28 - Blocked Shots : 10 - Penalty Minutes : 10
Harfangs - Hits : 21 - Faceoff Wins : 30 - Blocked Shots : 10 - Penalty Minutes : 18

Official

Referees : Unknown
Linesman : Unknown

Game Notes

Anton Forsberg enters game at 1:27 of 3rd period
Nathan Gerbe has scored a Hat Trick!

Finance

Level 1 -- Attendance: 1487 (74.35%) -- Ticket Income $50,558
Level 2 -- Attendance: 668 (66.80%) -- Ticket Income $12,692
Total Attendance: 2155 (71.83%)
Total Ticket Income: $63,250
Other Income: $3,162
Total Income: $66,412

Griffins

5 vs 5 Forward 
   Center                   Left Wing                Right Wing               Time % Phy DF OF 
 1 Marko Dano               Nathan Gerbe             Petr Pohl                35     0   2  3  
 2 Jamie Arniel             Tye McGinn               Connor Brown             35     0   2  3  
 3 Quinton Howden           Anton Slepyshev          Ben Hanowski             20     0   2  3  
 4 Mark Jankowski           Robert Dome              J.T. Brown               10     0   2  3  

5 vs 5 Defense 
   Defense                  Defense                                           Time % Phy DF OF 
 1 Simon Despres            Bryan Young                                       40     0   2  3  
 2 Petter Granberg          Ty Wishart                                        30     0   3  2  
 3 Mirco Mueller            Keith Seabrook                                    20     0   3  2  
 4 Mirco Mueller            Keith Seabrook                                    10     1   2  2  

PowerPlay Forward 
   Center                   Left Wing                Right Wing               Time % Phy DF OF 
 1 Marko Dano               Nathan Gerbe             Petr Pohl                60     0   1  4  
 2 Jamie Arniel             Tye McGinn               Connor Brown             40     0   1  4  

PowerPlay Defense
   Defense                  Defense                                           Time % Phy DF OF 
 1 Petter Granberg          Simon Despres                                     60     0   1  4  
 2 Ty Wishart               Keith Seabrook                                    40     0   1  4  

Penalty Kill 4 Players Forward 
   Center                   Wing                     Time % Phy DF OF 
 1 Jamie Arniel             Ben Hanowski             60     1   2  2  
 2 Tye McGinn               J.T. Brown               40     1   2  2  

Penalty Kill 4 Players Defense
   Defense                  Defense                  Time % Phy DF OF 
 1 Ty Wishart               Bryan Young              60     1   2  2  
 2 Petter Granberg          Simon Despres            40     1   2  2  

Penalty Kill - 3 Players Forward 
   Forward                                           Time % Phy DF OF 
 1 J.T. Brown                                        60     1   2  2  
 2 Jamie Arniel                                      40     1   2  2  

Penalty Kill - 3 Players Defense
   Defense                  Defense                  Time % Phy DF OF 
 1 Simon Despres            Bryan Young              60     1   2  2  
 2 Petter Granberg          Simon Despres            40     1   2  2  

4 vs 4 Forward 
   Center                   Wing                     Time % Phy DF OF 
 1 Marko Dano               Petr Pohl                50     1   2  2  
 2 Jamie Arniel             Connor Brown             50     1   2  2  

4 vs 4 Defense
   Defense                  Defense                  Time % Phy DF OF 
 1 Simon Despres            Keith Seabrook           60     1   2  2  
 2 Petter Granberg          Bryan Young              40     1   2  2  

Last Minutes Offensive
   Center                   Left Wing                Right Wing               Defense                  Defense                  
   Marko Dano               Nathan Gerbe             Connor Brown             Petr Pohl                Jamie Arniel             

Last Minutes Defensive
   Center                   Left Wing                Right Wing               Defense                  Defense                  
   Ben Hanowski             Tye McGinn               J.T. Brown               Bryan Young              Simon Despres            

Goaltenders
Starting : Olivier Roy              
Backup : Jean-Francois Berube     

Extra Forwards
Normal : Petr Pohl, Connor Brown, Marko Dano - PP : J.T. Brown, Anton Slepyshev - PK : Petr Pohl
Extra Defensemen
Normal : Simon Despres, Petter Granberg, Bryan Young - PP : Bryan Young - PK : Petter Granberg, Ty Wishart
Penalty Shots
Nathan Gerbe, Jamie Arniel, Marko Dano, Robert Dome, Petr Pohl

Scratches
Vladislav Namestnikov (Healthy), Garrett Wilson (Healthy), Tanner Kero (Healthy), Greg McKegg (Healthy), Nathan Oystrick (Left Hand Injury)
Brendan Woods (Healthy), Jerome Gauthier-Leduc (Healthy), Nicholas Baptiste (Healthy), Konrad Abeltshauser (Healthy), Tomas Hyka (Healthy)
Brian Hart (Healthy), Ian McCoshen (Healthy), Marcus Hogberg (Healthy), Matt Tomkins (Healthy)

Harfangs

5 vs 5 Forward 
   Center                   Left Wing                Right Wing               Time % Phy DF OF 
 1 Calle Jarnkrok           Brock Nelson             Jimmy Hayes              40     1   2  2  
 2 Oscar Sundqvist          Michael Bournival        Tomas Kubalik            30     1   2  2  
 3 Colton Sissons           Dustin Jeffrey           Garnet Hathaway          20     1   2  2  
 4 Cristoval Nieves         Andreas Martinsen        Ryan Hartman             10     1   2  2  

5 vs 5 Defense 
   Defense                  Defense                                           Time % Phy DF OF 
 1 Steve McCarthy           Victor Bartley                                    40     1   2  2  
 2 Dylan Olsen              Jeff Petry                                        30     1   2  2  
 3 Reid McNeill             Mark Alt                                          20     1   2  2  
 4 Brenden Kichton          Jake Dotchin                                      10     1   2  2  

PowerPlay Forward 
   Center                   Left Wing                Right Wing               Time % Phy DF OF 
 1 Calle Jarnkrok           Brock Nelson             Jimmy Hayes              60     1   2  2  
 2 Oscar Sundqvist          Michael Bournival        Tomas Kubalik            40     1   2  2  

PowerPlay Defense
   Defense                  Defense                                           Time % Phy DF OF 
 1 Steve McCarthy           Victor Bartley                                    60     1   2  2  
 2 Dylan Olsen              Jeff Petry                                        40     1   2  2  

Penalty Kill 4 Players Forward 
   Center                   Wing                     Time % Phy DF OF 
 1 Jimmy Hayes              Brock Nelson             60     1   2  2  
 2 Tomas Kubalik            Garnet Hathaway          40     1   2  2  

Penalty Kill 4 Players Defense
   Defense                  Defense                  Time % Phy DF OF 
 1 Steve McCarthy           Victor Bartley           60     1   2  2  
 2 Dylan Olsen              Jeff Petry               40     1   2  2  

Penalty Kill - 3 Players Forward 
   Forward                                           Time % Phy DF OF 
 1 Jimmy Hayes                                       60     1   2  2  
 2 Brock Nelson                                      40     1   2  2  

Penalty Kill - 3 Players Defense
   Defense                  Defense                  Time % Phy DF OF 
 1 Steve McCarthy           Victor Bartley           60     1   2  2  
 2 Dylan Olsen              Jeff Petry               40     1   2  2  

4 vs 4 Forward 
   Center                   Wing                     Time % Phy DF OF 
 1 Jimmy Hayes              Brock Nelson             60     1   2  2  
 2 Tomas Kubalik            Garnet Hathaway          40     1   2  2  

4 vs 4 Defense
   Defense                  Defense                  Time % Phy DF OF 
 1 Steve McCarthy           Victor Bartley           60     1   2  2  
 2 Dylan Olsen              Jeff Petry               40     1   2  2  

Last Minutes Offensive
   Center                   Left Wing                Right Wing               Defense                  Defense                  
   Calle Jarnkrok           Brock Nelson             Jimmy Hayes              Steve McCarthy           Victor Bartley           

Last Minutes Defensive
   Center                   Left Wing                Right Wing               Defense                  Defense                  
   Calle Jarnkrok           Brock Nelson             Jimmy Hayes              Steve McCarthy           Victor Bartley           

Goaltenders
Starting : Mark Visentin            
Backup : Anton Forsberg           

Extra Forwards
Normal : Erik Nystrom, Morgan Klimchuk, Brendan Leipsic - PP : Erik Nystrom, Morgan Klimchuk - PK : Brendan Leipsic
Extra Defensemen
Normal : Blake Heinrich, Reid McNeill, Mark Alt - PP : Blake Heinrich - PK : Reid McNeill, Mark Alt
Penalty Shots
Jimmy Hayes, Brock Nelson, Tomas Kubalik, Garnet Hathaway, Michael Bournival

Scratches
Nick Sorensen (Healthy), Rinat Valiev (Healthy), Steve Ott (Broken Left Thumb Injury), Jason Kasdorf (Healthy), Scott Wedgewood (Healthy)
Zachary Fucale (Healthy)

% Time on Ice - Griffins

Lines # - Real PCT - Wanted PCT - Time Play
Normal Forward
1 - 30% - 35% - 11:54
2 - 30% - 35% - 11:53
3 - 24% - 20% - 9:41
4 - 16% - 10% - 6:17
Normal Defense
1 - 40% - 40% - 16:00
2 - 33% - 30% - 12:56
3 - 21% - 20% - 8:14
4 - 6% - 10% - 2:35
PP Forward
1 - 59% - 60% - 7:05
2 - 41% - 40% - 5:01
PP Defense
1 - 58% - 60% - 7:04
2 - 42% - 40% - 5:02
PK Forward
1 - 74% - 60% - 5:08
2 - 26% - 40% - 1:50
PK Defense
1 - 62% - 60% - 4:18
2 - 38% - 40% - 2:40
PK3 Forward
1 - 0% - 60%
2 - 0% - 40%
PK3 Defense
1 - 0% - 60%
2 - 0% - 40%
44 Forward
1 - 61% - 50% - 0:43
2 - 39% - 50% - 0:28
44 Defense
1 - 75% - 60% - 0:53
2 - 25% - 40% - 0:18
Last Minute Offensive  - 0:00
Last Minute Defensive  - 0:00
Total
Forward - 60:00
Defense - 60:00

% Time on Ice - Harfangs

Lines # - Real PCT - Wanted PCT - Time Play
Normal Forward
1 - 30% - 40% - 12:07
2 - 30% - 30% - 11:59
3 - 23% - 20% - 9:02
4 - 17% - 10% - 6:37
Normal Defense
1 - 40% - 40% - 16:02
2 - 30% - 30% - 11:49
3 - 19% - 20% - 7:34
4 - 11% - 10% - 4:20
PP Forward
1 - 55% - 60% - 3:51
2 - 45% - 40% - 3:07
PP Defense
1 - 57% - 60% - 3:58
2 - 43% - 40% - 3:00
PK Forward
1 - 69% - 60% - 8:18
2 - 31% - 40% - 3:48
PK Defense
1 - 58% - 60% - 6:58
2 - 42% - 40% - 5:08
PK3 Forward
1 - 0% - 60%
2 - 0% - 40%
PK3 Defense
1 - 0% - 60%
2 - 0% - 40%
44 Forward
1 - 72% - 60% - 0:51
2 - 28% - 40% - 0:20
44 Defense
1 - 100% - 60% - 1:11
2 - 0% - 40% - 0:00
Last Minute Offensive  - 0:00
Last Minute Defensive  - 0:00
Total
Forward - 60:00
Defense - 60:00

Play-by-Play

1st period


0:01 of 1st period - Marko Dano wins face-off versus Calle Jarnkrok in neutral zone.
0:32 of 1st period - Wrist shot by Michael Bournival.
0:32 of 1st period - Stopped by Olivier Roy without a rebound.
0:33 of 1st period - Colton Sissons wins face-off versus Quinton Howden in Griffins zone.
0:44 of 1st period - Slapshot by Garnet Hathaway.
0:44 of 1st period - Stopped by Olivier Roy without a rebound.
0:45 of 1st period - Mark Jankowski wins face-off versus Cristoval Nieves in Griffins zone.
0:50 of 1st period - Ryan Hartman is hit by Mark Jankowski and loses puck.
1:33 of 1st period - Snap shot by Ben Hanowski.
1:33 of 1st period - Shot Misses the Net.
1:39 of 1st period - Petter Granberg is hit by Michael Bournival and loses puck.
1:58 of 1st period - Snap shot by Anton Slepyshev.
1:58 of 1st period - Shot Blocked by Steve McCarthy.
2:00 of 1st period - Slapshot by Ty Wishart.
2:00 of 1st period - Stopped by Mark Visentin without a rebound.
2:01 of 1st period - Calle Jarnkrok wins face-off versus Marko Dano in Harfangs zone.
2:01 of 1st period - Calle Jarnkrok is hit by Nathan Gerbe.
2:27 of 1st period - Simon Despres is hit by Dylan Olsen and loses puck.
2:34 of 1st period - Snap shot by Tomas Kubalik.
2:34 of 1st period - Shot Blocked by Marko Dano.
3:01 of 1st period - Minor Penalty to Steve McCarthy for Roughing.
3:02 of 1st period - Jimmy Hayes wins face-off versus Marko Dano in Harfangs zone.
3:15 of 1st period - Snap shot by Brock Nelson.
3:15 of 1st period - Deflect By Nathan Gerbe.
3:15 of 1st period - Shot Misses the Net.
3:15 of 1st period - Puck is out of play.
3:16 of 1st period - Jamie Arniel wins face-off versus Jimmy Hayes in Griffins zone.
4:55 of 1st period - Mark Alt is hit by Petr Pohl and loses puck.
5:01 of 1st period - Penalty to Steve McCarthy is over, Steve McCarthy is back on ice.
5:28 of 1st period - Icing by Ty Wishart.
5:29 of 1st period - Mark Jankowski wins face-off versus Colton Sissons in Griffins zone.
6:15 of 1st period - Jimmy Hayes is hit by Simon Despres and loses puck.
6:20 of 1st period - Wrist shot by Connor Brown.
6:20 of 1st period - Deflect By Jamie Arniel.
6:20 of 1st period - Stopped by Mark Visentin with a rebound.
6:22 of 1st period - Snap shot by Jamie Arniel.
6:22 of 1st period - Shot Misses the Net.
6:24 of 1st period - Slapshot by Ty Wishart.
6:24 of 1st period - Stopped by Mark Visentin with a rebound.
6:44 of 1st period - Snap shot by Ryan Hartman.
6:44 of 1st period - Stopped by Olivier Roy with a rebound.
7:26 of 1st period - Slapshot by Connor Brown.
7:26 of 1st period - Shot Misses the Net.
7:28 of 1st period - Slapshot by Simon Despres.
7:28 of 1st period - Shot Blocked by Steve McCarthy.
7:30 of 1st period - Snap shot by Bryan Young.
7:30 of 1st period - Stopped by Mark Visentin with a rebound.
7:41 of 1st period - Icing by Michael Bournival.
7:42 of 1st period - Calle Jarnkrok wins face-off versus Quinton Howden in Harfangs zone.
7:42 of 1st period - Calle Jarnkrok is hit by Anton Slepyshev.
8:10 of 1st period - Snap shot by Tomas Kubalik.
8:10 of 1st period - Stopped by Olivier Roy with a rebound.
8:12 of 1st period - Snap shot by Oscar Sundqvist.
8:12 of 1st period - Goal by Oscar Sundqvist - Griffins : 0 - Harfangs : 1.
8:13 of 1st period - Calle Jarnkrok wins face-off versus Marko Dano in neutral zone.
8:29 of 1st period - Icing by Simon Despres.
8:30 of 1st period - Nathan Gerbe wins face-off versus Oscar Sundqvist in Griffins zone.
8:30 of 1st period - Nathan Gerbe is hit by Tomas Kubalik.
8:52 of 1st period - Minor Penalty to Nathan Gerbe for Hooking.
8:53 of 1st period - Jamie Arniel wins face-off versus Calle Jarnkrok in Griffins zone.
9:04 of 1st period - Slapshot by Jimmy Hayes.
9:04 of 1st period - Stopped by Olivier Roy with a rebound.
9:27 of 1st period - Simon Despres is hit by Steve McCarthy and loses puck.
10:24 of 1st period - Bryan Young is hit by Victor Bartley and loses puck.
10:52 of 1st period - Penalty to Nathan Gerbe is over, Nathan Gerbe is back on ice.
10:58 of 1st period - Wrist shot by Nathan Gerbe.
10:58 of 1st period - Stopped by Mark Visentin with a rebound.
11:00 of 1st period - Snap shot by Nathan Gerbe.
11:00 of 1st period - Goal by Nathan Gerbe - Griffins : 1 - Harfangs : 1.
11:01 of 1st period - Tomas Kubalik wins face-off versus Marko Dano in neutral zone.
11:08 of 1st period - Wrist shot by Nathan Gerbe.
11:08 of 1st period - Stopped by Mark Visentin without a rebound.
11:09 of 1st period - Marko Dano wins face-off versus Oscar Sundqvist in Harfangs zone.
11:18 of 1st period - Snap shot by Petr Pohl.
11:18 of 1st period - Stopped by Mark Visentin with a rebound.
11:20 of 1st period - Wrist shot by Nathan Gerbe.
11:20 of 1st period - Shot Misses the Net.
11:30 of 1st period - Minor Penalty to Tomas Kubalik for Hooking.
11:31 of 1st period - Jimmy Hayes wins face-off versus Marko Dano in Harfangs zone.
12:06 of 1st period - Snap shot by Garnet Hathaway.
12:06 of 1st period - Stopped by Olivier Roy with a rebound.
12:43 of 1st period - Icing by Ty Wishart.
12:44 of 1st period - Marko Dano wins face-off versus Oscar Sundqvist in Griffins zone.
13:30 of 1st period - Penalty to Tomas Kubalik is over, Tomas Kubalik is back on ice.
13:35 of 1st period - Simon Despres is hit by Tomas Kubalik and loses puck.
13:50 of 1st period - Wrist shot by Robert Dome.
13:50 of 1st period - Shot Misses the Net.
14:04 of 1st period - Wrist shot by Tomas Kubalik.
14:04 of 1st period - Stopped by Olivier Roy without a rebound.
14:05 of 1st period - Anton Slepyshev wins face-off versus Colton Sissons in Griffins zone.
14:10 of 1st period - Slapshot by Ben Hanowski.
14:10 of 1st period - Stopped by Mark Visentin without a rebound.
14:11 of 1st period - Colton Sissons wins face-off versus Quinton Howden in Harfangs zone.
14:22 of 1st period - Snap shot by Dustin Jeffrey.
14:22 of 1st period - Deflect By Garnet Hathaway.
14:22 of 1st period - Stopped by Olivier Roy with a rebound.
14:24 of 1st period - Snap shot by Dustin Jeffrey.
14:24 of 1st period - Stopped by Olivier Roy with a rebound.
15:05 of 1st period - Off-side.
15:06 of 1st period - Calle Jarnkrok wins face-off versus Marko Dano in neutral zone.
15:06 of 1st period - Jimmy Hayes is hit by Marko Dano and loses puck.
15:13 of 1st period - Petter Granberg is hit by Jimmy Hayes and loses puck.
15:32 of 1st period - Dylan Olsen is hit by Jamie Arniel and loses puck.
15:57 of 1st period - Snap shot by Quinton Howden.
15:57 of 1st period - Shot Blocked by Garnet Hathaway.
15:59 of 1st period - Slapshot by Ben Hanowski.
15:59 of 1st period - Shot Blocked by Victor Bartley.
16:01 of 1st period - Wrist shot by Anton Slepyshev.
16:01 of 1st period - Shot Misses the Net.
16:03 of 1st period - Slapshot by Ty Wishart.
16:03 of 1st period - Shot Misses the Net.
16:05 of 1st period - Wrist shot by Quinton Howden.
16:05 of 1st period - Stopped by Mark Visentin without a rebound.
16:06 of 1st period - Calle Jarnkrok wins face-off versus Marko Dano in Harfangs zone.
16:21 of 1st period - Wrist shot by Calle Jarnkrok.
16:21 of 1st period - Stopped by Olivier Roy with a rebound.
16:33 of 1st period - Snap shot by Jamie Arniel.
16:33 of 1st period - Shot Misses the Net.
16:57 of 1st period - Snap shot by Garnet Hathaway.
16:57 of 1st period - Stopped by Olivier Roy with a rebound.
16:59 of 1st period - Wrist shot by Jeff Petry.
16:59 of 1st period - Deflect By Garnet Hathaway.
16:59 of 1st period - Shot Misses the Net.
16:59 of 1st period - Puck is out of play.
17:00 of 1st period - Jamie Arniel wins face-off versus Brock Nelson in Griffins zone.
17:04 of 1st period - Off-side.
17:05 of 1st period - Calle Jarnkrok wins face-off versus Jamie Arniel in neutral zone.
17:12 of 1st period - Wrist shot by Brock Nelson.
17:12 of 1st period - Shot Misses the Net.
17:40 of 1st period - Wrist shot by Michael Bournival.
17:40 of 1st period - Stopped by Olivier Roy with a rebound.
17:54 of 1st period - Slapshot by Steve McCarthy.
17:54 of 1st period - Stopped by Olivier Roy without a rebound.
17:55 of 1st period - Cristoval Nieves wins face-off versus Quinton Howden in Griffins zone.
17:56 of 1st period - Slapshot by Victor Bartley.
17:56 of 1st period - Deflect By Ty Wishart.
17:56 of 1st period - Stopped by Olivier Roy without a rebound.
17:57 of 1st period - Cristoval Nieves wins face-off versus Quinton Howden in Griffins zone.
18:04 of 1st period - Slapshot by Cristoval Nieves.
18:04 of 1st period - Stopped by Olivier Roy without a rebound.
18:05 of 1st period - Calle Jarnkrok wins face-off versus Jamie Arniel in Griffins zone.
18:32 of 1st period - Snap shot by Dustin Jeffrey.
18:32 of 1st period - Stopped by Olivier Roy with a rebound.
18:38 of 1st period - Nathan Gerbe is hit by Mark Alt and loses puck.
18:57 of 1st period - Wrist shot by Anton Slepyshev.
18:57 of 1st period - Stopped by Mark Visentin with a rebound.
19:11 of 1st period - Wrist shot by Michael Bournival.
19:11 of 1st period - Shot Blocked by Simon Despres.
19:13 of 1st period - Slapshot by Steve McCarthy.
19:13 of 1st period - Stopped by Olivier Roy with a rebound.
Goals for this period are 1 for Griffins vs 1 for Harfangs.
Shots for this period are 11 for Griffins vs 18 for Harfangs.

2nd period


0:01 of 2nd period - Jamie Arniel wins face-off versus Calle Jarnkrok in neutral zone.
0:26 of 2nd period - Minor Penalty to Jeff Petry for High sticking.
0:27 of 2nd period - Brock Nelson wins face-off versus Petr Pohl in Harfangs zone.
0:39 of 2nd period - Slapshot by Petter Granberg.
0:39 of 2nd period - Stopped by Mark Visentin without a rebound.
0:40 of 2nd period - Jimmy Hayes wins face-off versus Marko Dano in Harfangs zone.
0:51 of 2nd period - Snap shot by Nathan Gerbe.
0:51 of 2nd period - Goal by Nathan Gerbe - Griffins : 2 - Harfangs : 1.
0:52 of 2nd period - Jamie Arniel wins face-off versus Calle Jarnkrok in neutral zone.
0:55 of 2nd period - Snap shot by Tye McGinn.
0:55 of 2nd period - Stopped by Mark Visentin with a rebound.
1:38 of 2nd period - Snap shot by Dustin Jeffrey.
1:38 of 2nd period - Shot Blocked by Anton Slepyshev.
1:40 of 2nd period - Slapshot by Steve McCarthy.
1:40 of 2nd period - Deflect By Garnet Hathaway.
1:40 of 2nd period - Shot Misses the Net.
1:40 of 2nd period - Puck is out of play.
1:41 of 2nd period - Calle Jarnkrok wins face-off versus Quinton Howden in Griffins zone.
2:23 of 2nd period - Snap shot by Cristoval Nieves.
2:23 of 2nd period - Shot Blocked by Ben Hanowski.
2:39 of 2nd period - Snap shot by Connor Brown.
2:39 of 2nd period - Goal by Connor Brown - Griffins : 3 - Harfangs : 1.
2:40 of 2nd period - Jamie Arniel wins face-off versus Calle Jarnkrok in neutral zone.
2:43 of 2nd period - Jimmy Hayes is hit by Jamie Arniel and loses puck.
2:54 of 2nd period - Wrist shot by Brock Nelson.
2:54 of 2nd period - Shot Misses the Net.
3:13 of 2nd period - Petr Pohl is hit by Tomas Kubalik and loses puck.
3:34 of 2nd period - Wrist shot by Dustin Jeffrey.
3:34 of 2nd period - Stopped by Olivier Roy with a rebound.
4:08 of 2nd period - Snap shot by Calle Jarnkrok.
4:08 of 2nd period - Stopped by Olivier Roy with a rebound.
4:10 of 2nd period - Slapshot by Brock Nelson.
4:10 of 2nd period - Stopped by Olivier Roy with a rebound.
4:14 of 2nd period - Wrist shot by Jimmy Hayes.
4:14 of 2nd period - Stopped by Olivier Roy with a rebound.
4:28 of 2nd period - Victor Bartley is hit by Marko Dano.
4:37 of 2nd period - Minor Penalty to Nathan Gerbe for Hooking.
4:38 of 2nd period - Calle Jarnkrok wins face-off versus Jamie Arniel in Griffins zone.
5:03 of 2nd period - Jamie Arniel is hit by Steve McCarthy and loses puck.
5:12 of 2nd period - Slapshot by Tomas Kubalik.
5:12 of 2nd period - Shot Misses the Net.
5:14 of 2nd period - Snap shot by Tomas Kubalik.
5:14 of 2nd period - Deflect By Oscar Sundqvist.
5:14 of 2nd period - Stopped by Olivier Roy without a rebound.
5:15 of 2nd period - Jimmy Hayes wins face-off versus Tye McGinn in Griffins zone.
5:44 of 2nd period - Slapshot by Tomas Kubalik.
5:44 of 2nd period - Stopped by Olivier Roy with a rebound.
6:37 of 2nd period - Penalty to Nathan Gerbe is over, Nathan Gerbe is back on ice.
6:47 of 2nd period - Wrist shot by Robert Dome.
6:47 of 2nd period - Shot Blocked by Jeff Petry.
6:49 of 2nd period - Minor Penalty to Dylan Olsen for Cross-checking.
6:50 of 2nd period - Marko Dano wins face-off versus Jimmy Hayes in Harfangs zone.
6:53 of 2nd period - Wrist shot by Petr Pohl.
6:53 of 2nd period - Shot Blocked by Victor Bartley.
7:12 of 2nd period - Icing by Simon Despres.
7:13 of 2nd period - Marko Dano wins face-off versus Jimmy Hayes in Griffins zone.
7:26 of 2nd period - Jeff Petry is hit by Jamie Arniel and loses puck.
7:39 of 2nd period - Nathan Gerbe is hit by Tomas Kubalik and loses puck.
7:44 of 2nd period - Wrist shot by Tomas Kubalik.
7:44 of 2nd period - Stopped by Olivier Roy with a rebound.
7:46 of 2nd period - Snap shot by Garnet Hathaway.
7:46 of 2nd period - Shot Blocked by Ty Wishart.
7:50 of 2nd period - Snap shot by Tomas Kubalik.
7:50 of 2nd period - Shot Misses the Net.
7:52 of 2nd period - Slapshot by Jeff Petry.
7:52 of 2nd period - Shot Blocked by Ty Wishart.
8:14 of 2nd period - Simon Despres is hit by Jimmy Hayes.
8:18 of 2nd period - Jimmy Hayes is hit by Simon Despres and loses puck.
8:49 of 2nd period - Penalty to Dylan Olsen is over, Dylan Olsen is back on ice.
9:07 of 2nd period - Wrist shot by Ben Hanowski.
9:07 of 2nd period - Stopped by Mark Visentin with a rebound.
9:26 of 2nd period - Wrist shot by Oscar Sundqvist.
9:26 of 2nd period - Deflect By Michael Bournival.
9:26 of 2nd period - Stopped by Olivier Roy without a rebound.
9:27 of 2nd period - Jamie Arniel wins face-off versus Colton Sissons in Griffins zone.
9:38 of 2nd period - Snap shot by Garnet Hathaway.
9:38 of 2nd period - Shot Misses the Net.
9:40 of 2nd period - Snap shot by Colton Sissons.
9:40 of 2nd period - Shot Blocked by Bryan Young.
9:42 of 2nd period - Slapshot by Jeff Petry.
9:42 of 2nd period - Shot Misses the Net.
9:56 of 2nd period - Simon Despres is hit by Oscar Sundqvist and loses puck.
10:10 of 2nd period - Off-side.
10:11 of 2nd period - Marko Dano wins face-off versus Cristoval Nieves in neutral zone.
11:10 of 2nd period - Minor Penalty to Anton Slepyshev for Interference.
11:11 of 2nd period - Jamie Arniel wins face-off versus Calle Jarnkrok in Griffins zone.
13:10 of 2nd period - Penalty to Anton Slepyshev is over, Anton Slepyshev is back on ice.
13:37 of 2nd period - Dustin Jeffrey is hit by Marko Dano.
14:20 of 2nd period - Brenden Kichton is hit by Connor Brown and loses puck.
14:51 of 2nd period - Icing by Ty Wishart.
14:52 of 2nd period - Calle Jarnkrok wins face-off versus Robert Dome in Griffins zone.
15:01 of 2nd period - Slapshot by Brock Nelson.
15:01 of 2nd period - Shot Misses the Net.
15:58 of 2nd period - Off-side.
15:59 of 2nd period - Calle Jarnkrok wins face-off versus Jamie Arniel in neutral zone.
16:28 of 2nd period - Keith Seabrook is hit by Michael Bournival and loses puck.
17:33 of 2nd period - Snap shot by Jimmy Hayes.
17:33 of 2nd period - Stopped by Olivier Roy without a rebound.
17:34 of 2nd period - J.T. Brown wins face-off versus Calle Jarnkrok in Griffins zone.
17:36 of 2nd period - Minor Penalty to J.T. Brown for Holding.
17:37 of 2nd period - Jamie Arniel wins face-off versus Calle Jarnkrok in Griffins zone.
18:12 of 2nd period - Oscar Sundqvist is hit by Petr Pohl and loses puck.
18:24 of 2nd period - Minor Penalty to Oscar Sundqvist for Hooking.
18:25 of 2nd period - Marko Dano wins face-off versus Jimmy Hayes in Harfangs zone.
18:28 of 2nd period - Snap shot by Petr Pohl.
18:28 of 2nd period - Shot Blocked by Brock Nelson.
18:36 of 2nd period - Wrist shot by Petr Pohl.
18:36 of 2nd period - Shot Misses the Net.
18:44 of 2nd period - Jimmy Hayes is hit by Simon Despres and loses puck.
19:32 of 2nd period - Petter Granberg is hit by Jimmy Hayes and loses puck.
19:36 of 2nd period - Penalty to J.T. Brown is over, J.T. Brown is back on ice.
Goals for this period are 2 for Griffins vs 0 for Harfangs.
Shots for this period are 5 for Griffins vs 9 for Harfangs.

3rd period


0:01 of 3rd period - Jimmy Hayes wins face-off versus Petr Pohl in neutral zone.
0:24 of 3rd period - Penalty to Oscar Sundqvist is over, Oscar Sundqvist is back on ice.
0:33 of 3rd period - Steve McCarthy is hit by Connor Brown and loses puck.
0:46 of 3rd period - Slapshot by Steve McCarthy.
0:46 of 3rd period - Deflect By Ben Hanowski.
0:46 of 3rd period - Stopped by Olivier Roy with a rebound.
0:48 of 3rd period - Slapshot by Steve McCarthy.
0:48 of 3rd period - Stopped by Olivier Roy with a rebound.
0:54 of 3rd period - Slapshot by Dustin Jeffrey.
0:54 of 3rd period - Shot Misses the Net.
0:56 of 3rd period - Snap shot by Dustin Jeffrey.
0:56 of 3rd period - Stopped by Olivier Roy with a rebound.
1:13 of 3rd period - Minor Penalty to Dylan Olsen for Tripping.
1:14 of 3rd period - Marko Dano wins face-off versus Jimmy Hayes in Harfangs zone.
1:19 of 3rd period - Wrist shot by Nathan Gerbe.
1:19 of 3rd period - Deflect By Petr Pohl.
1:19 of 3rd period - Stopped by Mark Visentin without a rebound.
1:20 of 3rd period - Marko Dano wins face-off versus Jimmy Hayes in Harfangs zone.
1:27 of 3rd period - Snap shot by Petr Pohl.
1:27 of 3rd period - Goal by Petr Pohl - Griffins : 4 - Harfangs : 1.
1:27 of 3rd period - Anton Forsberg enters game.
1:28 of 3rd period - Calle Jarnkrok wins face-off versus Marko Dano in neutral zone.
2:21 of 3rd period - Wrist shot by Dustin Jeffrey.
2:21 of 3rd period - Stopped by Olivier Roy with a rebound.
4:42 of 3rd period - Slapshot by Michael Bournival.
4:42 of 3rd period - Stopped by Olivier Roy with a rebound.
4:44 of 3rd period - Slapshot by Brenden Kichton.
4:44 of 3rd period - Shot Misses the Net.
4:46 of 3rd period - Slapshot by Brenden Kichton.
4:46 of 3rd period - Shot Blocked by Petter Granberg.
4:48 of 3rd period - Wrist shot by Tomas Kubalik.
4:48 of 3rd period - Stopped by Olivier Roy with a rebound.
4:50 of 3rd period - Wrist shot by Michael Bournival.
4:50 of 3rd period - Shot Blocked by Tye McGinn.
5:00 of 3rd period - Calle Jarnkrok is hit by Ben Hanowski and loses puck.
5:23 of 3rd period - J.T. Brown is hit by Garnet Hathaway and loses puck.
5:32 of 3rd period - Reid McNeill is hit by Mirco Mueller and loses puck.
6:28 of 3rd period - Wrist shot by Michael Bournival.
6:28 of 3rd period - Stopped by Olivier Roy with a rebound.
6:36 of 3rd period - Wrist shot by Connor Brown.
6:36 of 3rd period - Deflect By Tomas Kubalik.
6:36 of 3rd period - Shot Misses the Net.
6:36 of 3rd period - Puck is out of play.
6:37 of 3rd period - Marko Dano wins face-off versus Calle Jarnkrok in Harfangs zone.
6:40 of 3rd period - Snap shot by Petr Pohl.
6:40 of 3rd period - Deflect By Nathan Gerbe.
6:40 of 3rd period - Shot Blocked by Steve McCarthy.
6:40 of 3rd period - Puck is out of play.
6:41 of 3rd period - Calle Jarnkrok wins face-off versus Marko Dano in Harfangs zone.
6:46 of 3rd period - Bryan Young is hit by Jimmy Hayes and loses puck.
7:31 of 3rd period - Snap shot by Nathan Gerbe.
7:31 of 3rd period - Stopped by Anton Forsberg with a rebound.
7:33 of 3rd period - Slapshot by Bryan Young.
7:33 of 3rd period - Shot Blocked by Steve McCarthy.
7:35 of 3rd period - Wrist shot by Marko Dano.
7:35 of 3rd period - Shot Misses the Net.
7:37 of 3rd period - Snap shot by Petr Pohl.
7:37 of 3rd period - Deflect By Nathan Gerbe.
7:37 of 3rd period - Shot Blocked by Steve McCarthy.
7:37 of 3rd period - Puck is out of play.
7:38 of 3rd period - Jamie Arniel wins face-off versus Calle Jarnkrok in Harfangs zone.
7:47 of 3rd period - Wrist shot by Connor Brown.
7:47 of 3rd period - Shot Misses the Net.
7:49 of 3rd period - Wrist shot by Tye McGinn.
7:49 of 3rd period - Stopped by Anton Forsberg with a rebound.
7:51 of 3rd period - Slapshot by Ty Wishart.
7:51 of 3rd period - Shot Misses the Net.
7:53 of 3rd period - Snap shot by Tye McGinn.
7:53 of 3rd period - Shot Misses the Net.
8:05 of 3rd period - Quinton Howden is hit by Tomas Kubalik and loses puck.
8:43 of 3rd period - Off-side.
8:44 of 3rd period - Jamie Arniel wins face-off versus Cristoval Nieves in neutral zone.
8:47 of 3rd period - Slapshot by Simon Despres.
8:47 of 3rd period - Deflect By Victor Bartley.
8:47 of 3rd period - Stopped by Anton Forsberg with a rebound.
8:49 of 3rd period - Double Minor Penalty to Andreas Martinsen for High sticking.
8:50 of 3rd period - Jimmy Hayes wins face-off versus Marko Dano in Harfangs zone.
9:35 of 3rd period - Tomas Kubalik is hit by Ty Wishart.
10:01 of 3rd period - Icing by Ty Wishart.
10:02 of 3rd period - Jimmy Hayes wins face-off versus Marko Dano in Griffins zone.
10:41 of 3rd period - Marko Dano is hit by Victor Bartley and loses puck.
11:32 of 3rd period - Wrist shot by Nathan Gerbe.
11:32 of 3rd period - Goal by Nathan Gerbe - Griffins : 5 - Harfangs : 1.
11:33 of 3rd period - Calle Jarnkrok wins face-off versus Quinton Howden in neutral zone.
11:36 of 3rd period - Bryan Young is hit by Jimmy Hayes and loses puck.
12:07 of 3rd period - Snap shot by Garnet Hathaway.
12:07 of 3rd period - Stopped by Olivier Roy without a rebound.
12:08 of 3rd period - Nathan Gerbe wins face-off versus Calle Jarnkrok in Griffins zone.
12:47 of 3rd period - Wrist shot by Michael Bournival.
12:47 of 3rd period - Stopped by Olivier Roy with a rebound.
14:04 of 3rd period - Snap shot by Michael Bournival.
14:04 of 3rd period - Stopped by Olivier Roy with a rebound.
14:06 of 3rd period - Wrist shot by Michael Bournival.
14:06 of 3rd period - Stopped by Olivier Roy with a rebound.
14:08 of 3rd period - Snap shot by Oscar Sundqvist.
14:08 of 3rd period - Stopped by Olivier Roy without a rebound.
14:09 of 3rd period - Calle Jarnkrok wins face-off versus Marko Dano in Griffins zone.
14:18 of 3rd period - Snap shot by Brock Nelson.
14:18 of 3rd period - Shot Misses the Net.
14:43 of 3rd period - Minor Penalty to Oscar Sundqvist for Holding.
14:44 of 3rd period - Marko Dano wins face-off versus Jimmy Hayes in Harfangs zone.
16:05 of 3rd period - Tye McGinn is hit by Steve McCarthy and loses puck.
16:43 of 3rd period - Penalty to Oscar Sundqvist is over, Oscar Sundqvist is back on ice.
17:46 of 3rd period - Snap shot by Jimmy Hayes.
17:46 of 3rd period - Shot Blocked by Mirco Mueller.
18:37 of 3rd period - Icing by Dustin Jeffrey.
18:38 of 3rd period - Cristoval Nieves wins face-off versus Quinton Howden in Harfangs zone.
18:45 of 3rd period - Andreas Martinsen is hit by Mirco Mueller and loses puck.
19:33 of 3rd period - Wrist shot by Jamie Arniel.
19:33 of 3rd period - Shot Misses the Net.
19:46 of 3rd period - Minor Penalty to Keith Seabrook for Holding.
19:47 of 3rd period - Calle Jarnkrok wins face-off versus Jamie Arniel in Griffins zone.
19:57 of 3rd period - Backhand shot by Brock Nelson.
19:57 of 3rd period - Stopped by Olivier Roy with a rebound.
Goals for this period are 2 for Griffins vs 0 for Harfangs.
Shots for this period are 6 for Griffins vs 13 for Harfangs.